 Dungeon Crawl Stone Soup version 0.29.1-2-gbd0b4ee654 (webtiles) character file.

Game seed: 7133881722297420555

56 warriortoast the Sneak (level 3, -6/16 HPs)
             Began as a Spriggan Enchanter on Nov 19, 2022.
             Killed from afar by Terence (15 damage)
             ... with a bolt of light
             ... on level 2 of the Dungeon.
             The game lasted 00:04:57 (1887 turns).

warriortoast the Sneak (Spriggan Enchanter)         Turns: 1887, Time: 00:04:57

Health: -6/16      AC:  2    Str:  6    XL:     3   Next: 69%
Magic:  8/8        EV: 17    Int: 16    God:
Gold:   37         SH:  0    Dex: 15    Spells: 6/8 levels left

rFire   . . .      SeeInvis +   e - +2 sling (flame)
rCold   . . .      Faith    .   (no shield)
rNeg    . . .      Spirit   .   b - +0 robe
rPois   .          Reflect  .   (helmet restricted)
rElec   .          Harm     .   (no cloak)
rCorr   .          Rampage  .   (gloves unavailable)
Will    .....                   (boots unavailable)
Stlth   +.........              (no amulet)
HPRegen 0.05/turn               (no ring)
MPRegen 0.11/turn               (no ring)

@: confused, very quick
A: very small, no large weapons, unfitting armour, see invisible, speed 3
a: no special abilities


You were on level 2 of the Dungeon.
You visited 1 branch of the dungeon, and saw 2 of its levels.

You collected 122 gold pieces.
You spent 85 gold pieces at shops.

Inventory:

Hand Weapons
 a - a +1 dagger
 e - a +2 sling of flaming (weapon)
Armour
 b - a +0 robe (worn)
Scrolls
 d - a scroll of fog {unknown}
 f - a scroll of amnesia {unknown}
 g - a scroll of identify {unknown}
 h - a scroll of enchant weapon {unknown}
 i - a scroll of noise {unknown}
 m - a scroll of magic mapping {unknown}
 r - a scroll of immolation {unknown}
Potions
 c - 2 potions of invisibility
 j - a potion of lignification {unknown}
 k - a potion of brilliance {unknown}
 l - a potion of ambrosia {unknown}
 n - 2 potions of resistance {unknown}
 o - a potion of attraction {unknown}
 p - a potion of curing {unknown}
 q - a potion of berserk rage {unknown}
 s - a potion of heal wounds {unknown}


   Skills:
 + Level 1.9 Short Blades
 + Level 0.3 Ranged Weapons
 + Level 3.3 Dodging
 + Level 5.0 Stealth
 + Level 3.2 Spellcasting
 + Level 4.1 Hexes


You had 6 spell levels left.
You knew the following spells:

 Your Spells              Type           Power      Damage    Failure   Level
a - Ensorcelled Hibernat  Hex/Ice        18%        N/A       12%         2

Your spell library contained the following spells:

 Spells                   Type           Power      Damage    Failure   Level
 Confusing Touch          Hex            15%        N/A       10%         3
 Tukima's Dance           Hex            15%        N/A       10%         3
 Dazzling Flash           Conj/Hex       18%        N/A       24%         3
 Portal Projectile        Hex/Tloc       18%        N/A       24%         3
 Call Canine Familiar     Summ           2%         N/A       50%         3
 Leda's Liquefaction      Hex/Erth       4%         N/A       61%         4


Dungeon Overview and Level Annotations

Branches:
Dungeon (2/15)

Altars:

Shops:
D:2 [:*[

Annotations:
D:2 Terence


Innate Abilities, Weirdness & Mutations

You are very small and have problems with some larger weapons.
You are too small for most types of armour.
You have supernaturally acute eyesight. (SInv)
You cover ground extremely quickly. (Speed+++)


Message History

You open the door.
There is an open door here.
A ball python comes into view.
Found 9 gold pieces.
A ball python is nearby!
You shoot a sling bullet. The sling bullet hits the ball python.
The sling bullet burns the ball python.
The ball python hisses angrily.
The ball python is heavily wounded.
You shoot a sling bullet. The sling bullet hits the ball python.
The sling bullet burns the ball python.
You kill the ball python!
No target in view!
You now have 37 gold pieces (gained 9).
Found a dagger.
You see here a ball python corpse.
Found a dagger.
You see here a +0 dagger.
You see here a +0 dagger.
A rat comes into view.
A rat is nearby!
You shoot a sling bullet. The sling bullet hits the rat.
The sling bullet burns the rat.
You kill the rat!
No target in view!
No target in view!
You see here a rat corpse.
Terence the Incautious comes into view.
He is wielding a +0 hand axe, wearing a +0 scale mail of poison resistance and carrying a wand of light (8).
Found an inky potion.
You shoot a sling bullet. The sling bullet hits Terence.
The sling bullet burns Terence.
Terence shouts!
Terence is moderately wounded.
Terence looks scornfully at you.
Terence zaps a wand.
The bolt of light hits you!
You are confused.
You bump into the rock wall.
Terence zaps a wand.
The bolt of light hits you!
You are more confused.
Ouch! That really hurt!
You die...

#.#...#####
#.....# #.#..#.#
###'### # #..#.#
#.# ...#.# #.#
###.#.#######.#
..#...†.....#
.################
!.....@.# #@# #.#
#.# #.# #.#
################.#
..............†..#
##############.###
###


You could see Terence.

Vanquished Creatures
  2 adders (D:2)
  4 endoplasms
  2 giant cockroaches
  3 goblins
  4 hobgoblins
  2 jackals (D:1)
  A kobold (D:2)
  A quokka (D:1)
  6 ball pythons
  2 bats (D:2)
  4 frilled lizards
  3 rats
34 creatures vanquished.

Notes
Turn   | Place    | Note
-------+----------+-------------------------------------------
     0 | D:1      | warriortoast the Spriggan Enchanter began the quest for the
                  | Orb.
     0 | D:1      | Reached XP level 1. HP: 9/9 MP: 5/5
   296 | D:1      | Found a faded altar of an unknown god.
   334 | D:1      | Reached XP level 2. HP: 13/13 MP: 6/6
   648 | D:1      | Learned a level 2 spell: Ensorcelled Hibernation
   998 | D:2      | Found Kemnups's Armour Shoppe.
  1335 | D:2      | Found Dorublil's Assorted Antiques.
  1341 | D:2      | Reached XP level 3. HP: 16/16 MP: 5/8
  1407 | D:2      | Bought a runed sling for 85 gold pieces
  1470 | D:2      | Reached skill level 5 in Stealth
  1498 | D:2      | Found Jaopys's Book Boutique.
  1579 | D:2      | Found Sor Raup's Armour Shoppe.
  1885 | D:2      | Noticed Terence
  1887 | D:2      | Killed from afar by Terence

Illustrated notes

Levels and vault maps discovered:
D:1:      heliophobic_arrival_enchanted_forest, layout_basic,
          dreamdust_ecumenical_altar_angels_and_demons,
          nicolae_kite_square_tiling_tiny, st_stairs_7
D:2:      layout_basic, serial_shops, nicolae_shop_crystal, shop,
          nicolae_shop_window_shopping, nicolae_shop_hallway_plus,
          minmay_3d_cube, uniq_sigmund, uniq_terence

Skill      XL: |  1  2  3 |
---------------+----------+-----
Dodging        | 3 |  3.3
Spellcasting   | 3 |  3.2
Hexes          | 4 |  4.1
Stealth        | 5 |  5.0
Short Blades   | |  1.9
Ranged Weapons | |  0.3

Action                   || total
-------------------------++-------
Melee: Dagger            ||    75
       Punch             ||     1
 Fire: Sling             ||    13
 Cast: Ensorcelled Hiber ||     4
 Stab: Sleeping          ||    10
Armor: Robe              ||     3
Dodge: Dodged            ||    47
